 Dungeon Crawl Stone Soup version 0.30.1-9-gdf580d7c3d (webtiles) character file.

Game seed: 10235678500591463085

95 lonewolfV2 the Trooper (level 4, 0/42 HPs)
             Began as a Minotaur Fighter on Oct 23, 2023.
             Was an Initiate of Gozag.
             Slain by an orc
             ... wielding a +0 hand axe
              (7 damage)
             ... on level 3 of the Dungeon.
             The game lasted 00:02:57 (1877 turns).

lonewolfV2 the Trooper (Minotaur Fighter)           Turns: 1877, Time: 00:02:58

Health: 0/42       AC:  0    Str: 18    XL:     4   Next: 40%
Magic:  3/3        EV: 11    Int:  5    God:    Gozag
Gold:   313        SH:  4    Dex: 10    Spells: 3/3 levels left

rFire   + . .        n - +5 long sword "Orphis" {drain, +Blink rF+ rN+++ Str-4}
rCold   . . .        c - +0 buckler
rNeg    + + +        (no body armour)
rPois   .            (helmet restricted)
rElec   .            (no cloak)
rCorr   .            (no gloves)
SInv    .            (no boots)
Will    .....        (no amulet)
Stlth   +            (no ring)
HPRegen 0.27/turn    (no ring)
MPRegen 0.08/turn

%: no passive effects
@: gold aura
A: horns 2, retaliatory headbutt
a: Renounce Religion, Evoke Blink, Potion Petition, Call Merchant, Bribe Branch


You were on level 3 of the Dungeon.
You worshipped Gozag.
Gozag was aware of your devotion.
You visited 1 branch of the dungeon, and saw 3 of its levels.

You collected 313 gold pieces.

Inventory:

Hand Weapons
 a - a +0 war axe
 n - the +5 long sword "Orphis" (weapon) {drain, +Blink rF+ rN+++ Str-4}
   (You found it on level 2 of the Dungeon)

   Str:       It affects your strength (-4).
   rF:        It protects you from fire.
   rN:        It renders you almost immune to negative energy.
   +Blink:    It lets you blink.
Armour
 b - a +0 scale mail
 c - a +0 buckler (worn)
 f - a +0 chain mail
Jewellery
 j - a ring of ice
 l - a ring of ice
 m - a ring of willpower
Scrolls
 e - a scroll of magic mapping
 g - 2 scrolls of fear
 r - a scroll of immolation {unknown}
Potions
 d - 2 potions of might
 h - a potion of brilliance
 i - 4 potions of degeneration
 k - a potion of haste {unknown}
 o - a potion of flight
 p - a potion of curing {unknown}
 q - a potion of attraction {unknown}


   Skills:
 + Level 5.1 Fighting
 + Level 2.0 Long Blades
 - Level 3.7 Axes
 - Level 3.6 Armour
 - Level 3.6 Shields


You had 3 spell levels left.
You didn't know any spells.
Your spell library contained the following spells:

 Spells                   Type           Power      Damage    Failure   Level
 Blink                    Tloc           0%         N/A       71%         2
 Lesser Beckoning         Tloc           0%         N/A       71%         2
 Momentum Strike          Conj/Tloc      0%         3d8       71%         2
 Scorch                   Fire           0%         2d5       71%         2
 Gell's Gravitas          Tloc           0%         N/A       90%         3
 Teleport Other           Tloc           0%         N/A       90%         3
 Flame Wave               Conj/Fire      0%         2d4       100%        4
 Summon Cactus Giant      Summ           0%         N/A       100%        6


Dungeon Overview and Level Annotations

Branches:
Dungeon (3/15)

Altars:
Gozag


Innate Abilities, Weirdness & Mutations

You have a pair of horns on your head.
You reflexively headbutt those who attack you in melee.


Message History

The bat hits you. The bat closely misses you.
The bat hits the plant.
The plant begins to die.
You miss the bat. The bat closely misses you.
The bat hits the plant.
An orc comes into view. It is wielding a +0 hand axe.
You block the bat's attack.
You hit the bat.
You kill the bat!
An orc comes into view. It is wielding a +0 whip.
The orc shouts!
You hear some strange, mumbled words.
A magic dart appears from out of thin air!
The magic dart hits you!
An orc comes into view. It is wielding a +0 flail.
You hear some strange, mumbled words.
A magic dart appears from out of thin air!
The magic dart hits you!
You see here 4 gold pieces.
Your unstable footing causes you to fumble your attack.
The orc shouts!
A nearby plant withers and dies.
You hear a splashing noise.
You hear some strange, mumbled words.
A magic dart appears from out of thin air!
The magic dart hits you.
The orc splashes around in the water. x2
Something hits you.
You are too injured to fight recklessly!
You are too injured to fight recklessly!
You are too injured to fight recklessly!
You hit something. Your headbutt misses something.
The orc hits you with a +0 hand axe!
* * * LOW HITPOINT WARNING * * *
You block something's attack.
You hit the plant.
The plant begins to die.
You headbutt the plant!
The plant is lightly damaged.
You block the orc's attack. Something hits you.
* * * LOW HITPOINT WARNING * * *
You hit the plant. You drain the plant. You headbutt the plant.
The plant is lightly damaged.
The orc hits you with a +0 hand axe!
You die...
Your body crumbles into a pile of gold.

......## ... ....
.......######..#
........##..♣♣.♣
........#..#♣♣.~
..........#♣ P.♣
.........#♣ ♣.♣
........♣♣♣♣♣♣~♣♣♣♣♣♣
........~~P♣♣.~~$oPP♣.#
......#..~~.~~.~@{o...#
.....###P♣♣♣~.~~PoP♣P.#
...### #♣♣ ♣♣~~♣♣♣♣♣ .#
#### ♣♣~♣ ~~♣ ♣♣~. ♣.♣♣
.. ##


You could see 3 orcs.

Vanquished Creatures
  Jessica (D:3)
  2 worms (D:2)
  A dart slug (D:1)
  2 orcs (D:3)
  8 ball pythons
  3 bats
  2 endoplasms
  A giant cockroach (D:1)
  9 goblins
  6 hobgoblins
  3 kobolds
  6 quokkas
  2 frilled lizards (D:1)
  6 rats
52 creatures vanquished.

Notes
Turn   | Place    | Note
-------+----------+-------------------------------------------
     0 | D:1      | lonewolfV2 the Minotaur Fighter began the quest for the
                  | Orb.
     0 | D:1      | Reached XP level 1. HP: 19/19 MP: 0/0
    83 | D:1      | Reached skill level 4 in Fighting
    83 | D:1      | Reached XP level 2. HP: 26/27 MP: 1/1
   361 | D:1      | Found a faded altar of an unknown god.
   438 | D:1      | Prayed at the altar of an unknown god.
   438 | D:1      | Became a worshipper of Gozag Ym Sagoz the Greedy
   569 | D:2      | Reached XP level 3. HP: 32/34 MP: 2/2
  1034 | D:2      | Identified the +5 long sword "Orphis" {drain, +Blink rF+
                  | rN+++ Str-4}
  1570 | D:3      | Reached skill level 1 in Long Blades
  1683 | D:3      | Noticed Jessica
  1688 | D:3      | Killed Jessica
  1689 | D:3      | Reached skill level 5 in Fighting
  1689 | D:3      | Reached XP level 4. HP: 42/42 MP: 3/3
  1877 | D:3      | Slain by an orc

Illustrated notes

Levels and vault maps discovered:
D:1:      elethiomel_arrival_quiet, layout_rooms, ebering_ecumenical_altar_webs
D:2:      layout_basic
D:3:      layout_rooms, serial_bayou_crossing, uniq_jessica

Skill      XL: |  1  2  3  4 |
---------------+-------------+-----
Fighting       | 4 5 |  5.1
Axes           | 3 |  3.7
Long Blades    | 1 2 |  2.0
Armour         | |  3.6
Shields        | |  3.6

Action                     |  1- 3 |  4- 6 || total
---------------------------+-------+-------++-------
  Melee: War axe           |    55 |       ||    55
         Headbutt          |     9 |     3 ||    12
         Long sword        |    20 |    19 ||    39
    Use: Scroll            |     5 |       ||     5
 Armour: Scale mail        |    26 |       ||    26
  Dodge: Dodged            |    52 |    17 ||    69
  Block: Buckler           |    22 |     9 ||    31
